 Dungeon Crawl Stone Soup version 0.19.0-11-g3fc08b3 (webtiles) character file.

2081 Jerry the Cutter (level 9, -9/37 HPs)
             Began as a Vine Stalker Assassin on Nov 8, 2016.
             Was an Elder of Uskayaw.
             Mangled by an orc warrior
             ... wielding a +0 glaive
              (11 damage)
             ... on level 8 of the Dungeon.
             The game lasted 00:36:31 (6753 turns).

Jerry the Cutter (Vine Stalker Assassin)            Turns: 6753, Time: 00:36:32

Health: -9/37      AC: 12    Str: 21    XL:     9   Next: 27%
Magic:  0/12       EV: 10    Int: 13    God:    Uskayaw [****..]
Gold:   138        SH:  0    Dex: 20    Spells: 0 memorised, 8 levels left

rFire  . . .     SeeInvis .     a - +3 dagger
rCold  . . .     Gourm    .     w - +0 scale mail
rNeg   . . .     Faith    .     (no shield)
rPois  +         Spirit   +     t - +1 helmet
rElec  .         Reflect  .     d - +0 cloak
rCorr  .         Harm     .     (no gloves)
MR     ++...                    A - +0 pair of boots
Stlth  ++........               B - amulet of magic regeneration
                                m - ring of poison resistance
                                M - ring of Brilliance {MR+ Str+5 Int+2 Dex+5}

@: no status effects
A: fangs 3, blink, clumsy 1, frail 1, regeneration 1, magic shield, antimagic
bite, no device heal 3, rot immunity
a: Blink, Stomp, Line Pass, Renounce Religion


You were on level 8 of the Dungeon.
You worshipped Uskayaw.
Uskayaw was noncommittal.
You were not hungry.

You visited 2 branches of the dungeon, and saw 9 of its levels.

You collected 377 gold pieces.
You spent 239 gold pieces at shops.

Inventory:

Hand Weapons
 a - a +3 dagger (weapon)
 b - a +0 blowgun
Missiles
 e - 10 poisoned needles
 f - 2 curare-tipped needles
 i - 4 tomahawks (quivered)
 C - a tomahawk of dispersal
Armour
 d - a +0 cloak (worn)
 t - a +1 helmet (worn)
 w - a +0 scale mail (worn)
 A - a +0 pair of boots (worn)
Jewellery
 m - a ring of poison resistance (right hand)
 y - a +4 ring of strength
 B - an amulet of magic regeneration (around neck)
 M - the ring of Brilliance (left hand) {MR+ Str+5 Int+2 Dex+5}
   (You found it on level 7 of the Dungeon)

   [ring of intelligence]

   It affects your strength (+5).
   It affects your intelligence (+2).
   It affects your dexterity (+5).
   It affects your resistance to hostile enchantments.
Wands
 E - a wand of iceblast (9/15)
 I - a wand of enslavement (22/24)
Scrolls
 h - 3 scrolls of remove curse
 k - a scroll of blinking
 l - a scroll of identify
 n - 3 scrolls of teleportation
 o - 2 scrolls of enchant armour
 q - 2 scrolls of enchant weapon
 x - a scroll of amnesia {unknown}
 z - a scroll of fear
 J - a scroll of fog
 N - a scroll of torment
 O - 2 scrolls of magic mapping
 P - a scroll of vulnerability
Potions
 p - a potion of heal wounds
 s - a potion of berserk rage
 u - 4 potions of curing
 v - a potion of flight
 G - a potion of haste
 K - a potion of agility
Books
 c - a book of Conjurations

   Spells                             Type                      Level
   a - Magic Dart                     Conjuration                  1
   b - Searing Ray                    Conjuration                  2
   c - Dazzling Spray                 Conjuration/Hexes            3
   d - Fulminant Prism                Conjuration/Hexes            4
   e - Iskenderun's Mystic Blast      Conjuration                  4
   f - Iskenderun's Battlesphere      Conjuration/Charms           5
 D - a book of Misfortune

   Spells                             Type                      Level
   a - Confusing Touch                Hexes                        1
   b - Confuse                        Hexes                        3
   c - Gell's Gravitas                Hexes/Translocation          3
   d - Petrify                        Transmutation/Earth          4
   e - Metabolic Englaciation         Hexes/Ice                    5
   f - Yara's Violent Unravelling     Hexes/Transmutation          5
Comestibles
 g - 11 bread rations
 j - a fruit
 r - a slice of pizza
 F - 3 meat rations
 H - a royal jelly
 L - a beef jerky
 Q - 5 chunks of flesh


   Skills:
 - Level 1.7 Fighting
 + Level 7.3 Short Blades
 - Level 1.7 Throwing
 + Level 6.6 Armour
 - Level 0.7 Dodging
 - Level 4.8 Stealth
 + Level 3.7 Invocations


You had 8 spell levels left.
You didn't know any spells.

Dungeon Overview and Level Annotations

Branches:
Dungeon (8/15)             Temple (1/1) D:6
   Lair: D:8-11

Altars:
Ashenzari
Cheibriados
Dithmenos
Elyvilon
Fedhas
Gozag
Hepliaklqana
Kikubaaqudgha
Makhleb
Nemelex Xobeh
Okawaru
Qazlal
Ru
Sif Muna
Trog
Uskayaw
Xom
Zin

Shops:
D:6 (   D:7 ?   D:8 :

Annotations:
D:5 Andry07's ghost, novice MfSk
D:6 Jerry's ghost, novice VSAs


Innate Abilities, Weirdness & Mutations

You have razor-sharp teeth.
Your natural rate of healing is unusually fast.
When hurt, damage is shared between your health and your magic reserves.
Your bite disrupts and absorbs the magic of your enemies.
Potions and wands cannot restore your health.
You are immune to rotting.
You can translocate small distances at will.
You are clumsy. (Dex -2)
You are frail. (-10% HP)


Message History

You hit the orc warrior. You bite the orc warrior. You drain its power.
You feel invigorated.
The orc warrior is severely wounded.
The orc barely misses you.
The orc warrior hits you with a glaive!!
* * * LOW HITPOINT WARNING * * *
You don't have enough magic at the moment.
You hit the orc warrior. Your bite misses the orc warrior.
The orc warrior is severely wounded.
The orc hits you but does no damage.
Uskayaw will force your foes to share their pain.
You don't have enough magic at the moment.
You hit the orc warrior but do no damage.
You bite the orc warrior. You drain its power.
You feel invigorated.
The orc warrior is almost dead.
The orc warrior hits you with a glaive!
* * * LOW HITPOINT WARNING * * *
The orc closely misses you.
The orc warrior hits you from afar with a glaive!
You die...

##...####.........#
##.## ##.......#
#.# ##..^..## #.#
##...## #.# ##'##
.. #.# #######o##
#.(...o..#
#.####.@.# #.....#
##....# .#...#
#.....! .....###
#######


You could see an orc warrior and an orc.

Vanquished Creatures
  A two-headed ogre (D:8)
  A spriggan (D:7)
  Menkaure (D:5)
  An ice beast (D:5)
  A sky beast (D:8)
  An orc warrior (D:7)
  3 centaurs
  A bullfrog (D:4)
  A water moccasin zombie (D:7)
  2 scorpions
  2 crimson imps (D:7)
  A centaur zombie (D:7)
  2 hounds
  A quasit (D:6)
  4 orc priests
  A centaur skeleton (D:8)
  3 orc wizards
  An iguana (D:7)
  8 worker ants
  2 hound skeletons
  10 adders
  An adder zombie (D:5)
  2 adder skeletons (D:5)
  3 worms
  A dart slug (D:2)
  2 leopard geckos
  28 orcs
  5 bats
  4 giant cockroaches
  4 goblins
  6 hobgoblins
  9 jackals
  4 quokkas
  3 ball pythons
  4 frilled lizards
  2 jackal zombies
  9 kobolds
  A quokka zombie (D:6)
  6 rats
142 creatures vanquished.

Notes
Turn   | Place    | Note
-------+----------+-------------------------------------------
     0 | D:1      | Jerry the Vine Stalker Assassin began the quest for the Orb.
     0 | D:1      | Reached XP level 1. HP: 11/11 MP: 2/2
    46 | D:1      | Reached skill level 2 in Short Blades
   157 | D:1      | Reached XP level 2. HP: 6/15 MP: 3/3
   608 | D:1      | Reached skill level 1 in Armour
   937 | D:1      | Reached XP level 3. HP: 16/18 MP: 4/4
  2039 | D:2      | Gained mutation: Your natural rate of healing is unusually fast. [Vine Stalker growth]
  2039 | D:2      | Reached XP level 4. HP: 21/23 MP: 5/5
  2239 | D:2      | Reached skill level 3 in Short Blades
  2352 | D:2      | Found a shadowy altar of Dithmenos.
  2970 | D:3      | Reached XP level 5. HP: 22/26 MP: 6/6
  3270 | D:4      | Noticed a centaur
  3285 | D:4      | Killed a centaur
  3285 | D:4      | Reached skill level 4 in Short Blades
  3285 | D:4      | Reached XP level 6. HP: 9/30 MP: 3/7
  3629 | D:4      | Reached XP level 7. HP: 34/34 MP: 8/8
  3848 | D:4      | Reached skill level 5 in Short Blades
  4096 | D:5      | Entered Level 5 of the Dungeon
  4147 | D:5      | Noticed Andry07's ghost (novice MfSk)
  4425 | D:5      | Noticed Menkaure
  4439 | D:5      | Killed Menkaure
  4787 | D:5      | Reached skill level 5 in Armour
  4798 | D:5      | Gained mutation: You have razor-sharp teeth. [Vine Stalker growth]
  4798 | D:5      | Reached XP level 8. HP: 35/38 MP: 9/9
  4827 | D:5      | Gained mutation: You can translocate small distances at will. [potion of mutation]
  4827 | D:5      | Gained mutation: You are frail. (-10% HP) [potion of mutation]
  4827 | D:5      | Gained mutation: You are clumsy. (Dex -2) [potion of mutation]
  4954 | D:5      | Reached skill level 6 in Short Blades
  4991 | D:6      | Found Sesew's Antique Weapon Emporium.
  5157 | D:6      | Found a sacrificial altar of Ru.
  5250 | D:6      | Found a staircase to the Ecumenical Temple.
  5256 | Temple   | Entered the Ecumenical Temple
  5421 | Temple   | Became a worshipper of Uskayaw the Reveler
  5477 | D:6      | Reached * piety under Uskayaw
  5550 | D:6      | Noticed Jerry's ghost (novice VSAs)
  5607 | D:7      | Reached ** piety under Uskayaw
  5610 | D:7      | Reached skill level 1 in Invocations
  5761 | D:7      | Noticed a spriggan baker
  5781 | D:7      | Killed a spriggan baker
  6092 | D:7      | Got a vibrating tin ring
  6094 | D:7      | Identified the ring of Brilliance {MR+ Str+5 Int+2 Dex+5} (You found it on level 7 of the Dungeon)
  6096 | D:7      | Found Teituwaj's Magic Scroll Boutique.
  6102 | D:7      | Bought a scroll of torment for 97 gold pieces
  6102 | D:7      | Bought a scroll of magic mapping for 45 gold pieces
  6102 | D:7      | Bought a scroll of vulnerability for 97 gold pieces
  6259 | D:7      | Reached skill level 7 in Short Blades
  6259 | D:7      | Reached XP level 9. HP: 29/37 MP: 12/12
  6588 | D:8      | Noticed a two-headed ogre
  6597 | D:8      | Killed a two-headed ogre
  6674 | D:8      | Found Voxoq's Book Emporium.
  6734 | D:8      | Reached *** piety under Uskayaw
  6742 | D:8      | Reached **** piety under Uskayaw
  6753 | D:8      | Mangled by an orc warrior

Skill      XL: |  1  2  3  4  5  6  7  8 |
---------------+-------------------------+-----
Short Blades   | 2 3 4 5 7 |  7.3
Armour         | 1 2 3 4 5 6 |  6.6
Invocations    | 3 |  3.7
Fighting       | |  1.7
Throwing       | |  1.7
Dodging        | |  0.7
Stealth        | |  4.8

Action                   |  1- 3 |  4- 6 |  7- 9 || total
-------------------------+-------+-------+-------++-------
Melee: Dagger            |   100 |   212 |   330 ||   642
       Bite              |    28 |    74 |   129 ||   231
Throw: Tomahawk          |       |       |     2 ||     2
Invok: Line Pass         |       |       |     5 ||     5
       Stomp             |       |       |     1 ||     1
 Abil: Blink             |       |       |     1 ||     1
  Use: Potion            |       |       |     4 ||     4
       Scroll            |       |       |    17 ||    17
 Stab: Sleeping          |     4 |     4 |     1 ||     9
       Confused          |       |       |     1 ||     1
       Paralysed         |       |       |     1 ||     1
  Eat: Chunk             |     3 |     6 |    11 ||    20
       Fruit             |       |       |     1 ||     1
Armor: Robe              |    21 |     7 |       ||    28
       Scale mail        |       |    68 |   110 ||   178
Dodge: Dodged            |    45 |    84 |   121 ||   250
